Unix NetHack Version 5.0.0-0 post-release - last build May  4 2026 22:22:43 (774f63e81ad911689b3a0859ea89b322d5daca8d,branch:main).

Game began 2026-05-05 16:20:50, ended 2026-05-05 16:44:43.

31245981910, chaotic female human Barbarian

                           -------------       -------               -----
                           |...........|     ##....>.|             ---...---
                           |.....(...<.|  #### |.....|           ##|..`....|
                        ###............-# #   #......|           #--.......--
                        #  ----------..-# # ###|..%..|           #|.........|
                        #             # #   #  --.----       #####|.........|
         ---------    @P#             # #   #    #  #        #    |.........|
         |%"(??(%.|   )               # ######   ###         #    --.......--
         |]%?!)**.-####     ----------|---- ###    #         #     |.......|
         |*%!%)[%.|  !#### |`...``......``|## ##   #         #     ---...---
         ---------       ##.`.....^..`^^..|#   #   %         #       -----
                           |`.(...`....`^^|#   ############  #
                           |``........`....`    #---.-----|--%
                           ----------------     #-...........#
                                                 |..........|
                                                 |...>._....|
                                                 ------------

31245981910 the Pillager   St:17 Dx:18 Co:16 In:7 Wi:8 Ch:7  Chaotic
Dlvl:4  $:0  HP:0(50) Pw:14(14) AC:10 Xp:5 T:2421  Fainted  Deaf

Latest messages:
 You are beginning to feel hungry.
 "Hello, 31245981910!  Welcome to Kinojevis' general store!"
 The leprechaun vanishes!
 There are many objects here.
 You have extreme difficulty lifting $ - 4 gold pieces (37 in total).
 There are 2 daggers here, but you cannot lift any more.
 What do you want to eat? [dj or ?*] d
 You can't do that while carrying so much stuff.
 What do you want to eat? [dj or ?*] d
 You can't do that while carrying so much stuff.
 You drop 37 gold pieces.
 The leprechaun just misses!
 The leprechaun hits!
 The leprechaun quickly snatches some gold from between your paws!
 The leprechaun vanishes!
 You are beginning to feel weak.
 You faint from lack of food.
 You regain consciousness.
 You can hear again.
 You faint from lack of food.
 You dream that you hear rumbling in the distance.
 You regain consciousness.
 You faint from lack of food.
 You regain consciousness.
 You can hear again.
 You faint from lack of food.
 You regain consciousness.
 You can hear again.
 You cannot fight while so heavily loaded.
 You faint from lack of food.
 The gray ooze bites!
 You return to human form!
 Your movements are now unencumbered.
 You regain consciousness.
 You begin bashing monsters with your bare hands.
 You smite the gray ooze.
 You can hear again.
 You smite the gray ooze.
 The gray ooze bites!
 You smite the gray ooze.
 You faint from lack of food.
 The gray ooze bites!
 The gray ooze bites!
 The gray ooze bites!
 You die...
 Do you want your possessions identified? [ynq] (y) y
 Do you want to see your attributes? [ynq] (y) y
 Do you want an account of creatures vanquished? [ynaq] (y) y
 Do you want to see your conduct and achievements? [ynq] (y) y
 Do you want to see the dungeon overview? [ynq] (y) y

Inventory:
 Comestibles  ('%')
  j - an uncursed cream pie
  d - 3 uncursed food rations

31245981910 the Barbarian's attributes:

Background:
 You were a Pillager, a level 5 female human Barbarian.
 You were chaotic, nominally on a mission for Set
 who was opposed by Mitra (lawful) and Crom (neutral).
 You were right-handed.
 You were in the Dungeons of Doom, on level 4.
 You entered the dungeon 2421 turns ago.
 You had 246 experience points, 74 more were needed to attain level 6.

Basics:
 You had 0 out of 50 hit points.
 You had all 14 energy points (spell power).
 Your armor class was 10.
 Your wallet was empty.
 Autopickup was off.

Final Characteristics:
 Your strength was 17 (base:18, limit:18/100).
 Your dexterity was 18 (limit:18).
 Your constitution was 16 (limit:18).
 Your intelligence was 7 (peak:8, limit:18).
 Your wisdom was 8 (limit:18).
 Your charisma was 7 (limit:18).

Final Status:
 You were deaf.
 You were fainted due to starvation.
 You were unencumbered.
 You were bare handed.
 You had basic skill with bare handed combat.
 You weren't wearing any armor.

Final Attributes:
 You were piously aligned.
 You were poison resistant.
 You were level-drain resistant.
 You were a wererat.
 You were harmed by silver.
 You are dead.

Miscellaneous:
 You didn't encounter any bones levels.
 Total elapsed playing time was 23 minutes and 49 seconds.

Major events:
 Turn
    1: 31245981910 the chaotic female human Barbarian entered the dungeon
 1051: attained the rank of Pillager (level 3)
 2421: killed by a gray ooze, while fainted from lack of food

You didn't know any spells.

Skills:
 Fighting Skills
   bare handed combat [Basic]
   two weapon combat  [Unskilled]
   riding             [Unskilled]
 Weapon Skills
   dagger             [Unskilled]
   axe                [Basic]
   pick-axe           [Unskilled]
   short sword        [Unskilled]
   broadsword         [Unskilled]
   long sword         [Unskilled]
   two-handed sword   [Basic]
   saber              [Unskilled]
   club               [Unskilled]
   mace               [Unskilled]
   morning star       [Unskilled]
   flail              [Unskilled]
   hammer             [Unskilled]
   quarterstaff       [Unskilled]
   spear              [Unskilled]
   trident            [Unskilled]
   bow                [Unskilled]
 Spellcasting Skills
   attack spells      [Unskilled]
   escape spells      [Unskilled]

Voluntary challenges:
 Character rerolling was not enabled.
 You were an atheist.
 You were illiterate.
 You never genocided any monsters.
 You never polymorphed an object.
 You used no wishes.
Achievements:
 You entered a shop.
 You attained the rank of Pillager.

 The Dungeons of Doom: levels 1 to 4
    Level 1:
       A fountain.
    Level 2:
       An armor shop.
    Level 3:
       A fountain, a sink, a grave.
    Level 4: <- You were here.
       A general store, an altar to Set.
       Final resting place for
          you, killed by a gray ooze, while fainted from lack of food.


Vanquished creatures:
  a ghost
  a rock piercer
  2 rock moles
  a little dog
  a kitten
  a dwarf
  a kobold leader
  2 rothes
  2 wererats
 an iguana
  a yellow mold
  a green mold
  4 gnomes
  2 geckos
  2 jackals
  a fox
  a kobold
  a goblin
  a sewer rat
  6 grid bugs
  5 lichens
  a kobold zombie
  4 newts
43 creatures vanquished.

No species were genocided or became extinct.

Game over:
                       ----------
                      /          \
                     /    REST    \
                    /      IN      \
                   /     PEACE      \
                  /                  \
                  |   31245981910    |
                  |       0 Au       |
                  | killed by a gray |
                  |       ooze       |
                  |                  |
                  |                  |
                  |       2026       |
                 *|     *  *  *      | *
        _________)/\\_//(\/(/\)/\//\/|_)_______

Goodbye 31245981910 the Barbarian...

You died in The Dungeons of Doom on dungeon level 4 with 1568 points,
and 0 pieces of gold, after 2421 moves.
You were level 5 with a maximum of 50 hit points when you died.

